 Dungeon Crawl Stone Soup version 0.28.0-53-g5a82cb258f (webtiles) character file.

Game seed: 9215642794381543082

5612 SanguineChosen the Cleaver (level 10, -1/91 HPs)
             Began as a Minotaur Berserker on Aug 3, 2022.
             Was a Priest of Trog.
             Succumbed to a hornet's poison
             ... on level 8 of the Dungeon.
             The game lasted 00:24:50 (9333 turns).

SanguineChosen the Cleaver (Minotaur Berserker)     Turns: 9333, Time: 00:24:50

Health: -1/91      AC: 19    Str: 26    XL:     10   Next: 45%
Magic:  9/9        EV: 10    Int:  4    God:    Trog [***...]
Gold:   503        SH:  0    Dex: 10    Spells: 9/9 levels left

rFire   + . .      SeeInvis .   z - +1 battleaxe
rCold   . . .      Faith    .   (shield currently unavailable)
rNeg    . . .      Spirit   .   B - +3 chain mail {rF+}
rPois   .          Reflect  .   p - +1 hat
rElec   .          Harm     .   b - +2 cloak
rCorr   .          Rampage  .   (no gloves)
Will    ++...                   (no boots)
Stlth   ..........              (no amulet)
HPRegen 1.25/turn               (no ring)
MPRegen 0.11/turn               (no ring)

@: lethally poisoned (-1 -> -4), strong-willed, regenerating, slowed, very slow
A: horns 2, retaliatory headbutt
a: Renounce Religion, Berserk, Trog's Hand


You were on level 8 of the Dungeon.
You worshipped Trog.
Trog was most pleased with you.
You visited 1 branch of the dungeon, and saw 8 of its levels.

You collected 503 gold pieces.

Inventory:

Hand Weapons
 d - a +0 war axe
 i - a +4 dire flail of draining
 y - a +3 flail of freezing
 z - a +1 battleaxe (weapon)
Missiles
 m - 9 poisoned darts (quivered)
 u - 4 throwing nets
 A - a curare-tipped dart
Armour
 b - a +2 cloak (worn)
 o - a +0 plate armour
 p - a +1 hat (worn)
 B - a +3 chain mail of fire resistance (worn)
Wands
 g - a wand of acid (11)
 h - a wand of flame (11)
 w - a wand of mindburst (50)
 x - a wand of paralysis (3)
Scrolls
 l - a scroll of enchant weapon {unknown}
 n - a scroll of blinking
 q - 4 scrolls of teleportation
 r - a scroll of vulnerability {unknown}
 t - a scroll of torment {unknown}
Potions
 c - a potion of cancellation {unknown}
 e - 2 potions of curing
 f - a potion of ambrosia {unknown}
 k - a potion of brilliance {unknown}
 v - 2 potions of haste


   Skills:
 + Level 9.1 Fighting
 + Level 13.1 Axes
 + Level 10.4 Armour
 + Level 4.3 Dodging
 + Level 0.8 Evocations


You had 9 spell levels left.
You didn't know any spells.
Your spell library was empty.

Dungeon Overview and Level Annotations

Branches:
Dungeon (8/15)             Temple (0/1) D:6            Lair (0/6) D:8

Altars:
Xom

Annotations:
D:8 1 runed translucent door, turdburglar's ghost, novice OgFi


Innate Abilities, Weirdness & Mutations

You have a pair of horns on your head.
You reflexively headbutt those who attack you in melee.


Message History

* * * LOW HITPOINT WARNING * * *
You shrug off the repeated paralysis!
The hornet stings you.
* * * LOW HITPOINT WARNING * * *
You are more poisoned.
You feel as though you will be slow longer.
You feel much better.
You feel extremely sick.
The hornet stings you but does no damage. x2
You feel better. The hornet stings you.
You feel as though you will be slow longer.
The hornet stings you!
* * * LOW HITPOINT WARNING * * *
You are poisoned.
You suddenly lose the ability to move!
You feel very sick.
The hornet stings you but does no damage. x2
You can move again.
Your skin crawls.
You feel strong-willed.
You feel sick. The hornet misses you.
The hornet stings you but does no damage.
You slash the hornet!
The hornet is heavily wounded.
You feel sick.
The hornet stings you but does no damage.
The hornet stings you!
* * * LOW HITPOINT WARNING * * *
You are lethally poisoned!
You suddenly lose the ability to move!
You can move again.
You closely miss the hornet. Your headbutt misses the hornet.
The hornet is heavily wounded.
* * * LOW HITPOINT WARNING * * *
You feel very sick. The hornet closely misses you.
The hornet stings you but does no damage. x2
You slice the hornet!!
You kill the hornet!
Trog accepts your kill.
You die...

... ... #.. #.#
#.# #.#
#########†#
#........@#
#.######..# #.#
#..# ####.####
#..#
#.....>.###..#
#.##......#...
#.##...........
#.##...........
#####.###.....##


There were no monsters in sight!

Vanquished Creatures
  Harold (D:8)
  Pikel (D:5)
  Joseph (D:8)
  A komodo dragon (D:7)
  A troll (D:8)
  A hornet (D:8)
  Sigmund (D:2)
  A wyvern (D:8)
  5 yaks (D:7)
  A steam dragon (D:6)
  Edmund (D:5)
  4 black bears
  2 orc warriors
  2 sky beasts
  An ogre (D:4)
  A necrophage (D:8)
  2 centaurs (D:8)
  A phantom (D:6)
  3 lemures (D:5)
  Blork the orc (D:5)
  2 kobold brigands (D:8)
  4 bullfrogs
  A wyvern skeleton (D:7)
  2 wights (D:8)
  2 centaur zombies (D:8)
  2 jellies
  A centaur skeleton (D:4)
  3 hounds
  A bullfrog zombie (D:7)
  A gnoll shaman (D:7)
  3 orc priests (D:7)
  Terence (D:2)
  3 iguanas (D:6)
  4 orc wizards
  A hound skeleton (D:4)
  A howler monkey zombie (D:8)
  Robin (D:2)
  4 gnolls (D:7)
  9 adders
  A shadow imp (D:7)
  An ufetubus (D:4)
  An adder zombie (D:5)
  An adder skeleton (D:4)
  A worm (D:3)
  A dart slug (D:1)
  9 orcs
  6 ball pythons
  7 endoplasms
  2 giant cockroaches (D:1)
  8 goblins
  10 hobgoblins
  4 jackals (D:2)
  3 quokkas (D:2)
  2 bats
  2 frilled lizards (D:1)
  7 kobolds
  3 rats
147 creatures vanquished.

Vanquished Creatures (others)
  3 plants (D:8)
3 creatures vanquished.

Grand Total: 150 creatures vanquished

Notes
Turn   | Place    | Note
-------+----------+-------------------------------------------
     0 | D:1      | SanguineChosen the Minotaur Berserker began the quest for
                  | the Orb.
     0 | D:1      | Reached XP level 1. HP: 19/19 MP: 0/0
    32 | D:1      | Found a faded altar of an unknown god.
   169 | D:1      | Reached XP level 2. HP: 27/27 MP: 1/1
   184 | D:1      | Reached skill level 4 in Axes
   936 | D:2      | Reached XP level 3. HP: 18/33 MP: 2/2
  1262 | D:2      | Noticed Sigmund
  1270 | D:2      | Killed Sigmund
  1270 | D:2      | Reached ** piety under Trog
  1271 | D:2      | Reached skill level 5 in Fighting
  1271 | D:2      | Reached skill level 5 in Axes
  1271 | D:2      | Reached XP level 4. HP: 33/42 MP: 3/3
  1271 | D:2      | Reached XP level 5. HP: 38/48 MP: 4/4
  1394 | D:2      | Noticed Robin
  1401 | D:2      | Killed Robin
  1648 | D:2      | Noticed Terence
  1655 | D:2      | Killed Terence
  1936 | D:2      | Identified the +11 whip of Mefil {antimagic, rElec}
  2084 | D:3      | Reached XP level 6. HP: 56/56 MP: 5/5
  2224 | D:3      | Reached skill level 6 in Axes
  3151 | D:4      | Reached *** piety under Trog
  3259 | D:4      | Reached skill level 7 in Axes
  3259 | D:4      | Reached XP level 7. HP: 9/62 MP: 6/6
  3560 | D:4      | Identified the +3 ring mail of Kuofak {Str+3}
  3971 | D:5      | Entered Level 5 of the Dungeon
  4033 | D:5      | Noticed Blork the orc
  4041 | D:5      | Killed Blork the orc
  4175 | D:5      | Noticed Pikel
  4219 | D:5      | Reached skill level 5 in Armour
  4414 | D:5      | Killed Pikel
  4415 | D:5      | Reached skill level 9 in Axes
  4415 | D:5      | Reached XP level 8. HP: 33/71 MP: 7/7
  4670 | D:5      | Noticed Edmund
  4681 | D:5      | Killed Edmund
  5828 | D:6      | Reached skill level 10 in Axes
  5945 | D:6      | Found a staircase to the Ecumenical Temple.
  6497 | D:6      | Reached XP level 9. HP: 74/79 MP: 8/8
  7246 | D:7      | Reached skill level 11 in Axes
  7719 | D:8      | Noticed a komodo dragon
  7719 | D:8      | Found a staircase to the Lair.
  7755 | D:7      | Reached skill level 12 in Axes
  8067 | D:7      | Killed a komodo dragon
  8612 | D:8      | Noticed Joseph
  8623 | D:8      | Killed Joseph
  8624 | D:8      | Reached XP level 10. HP: 39/90 MP: 9/9
  8849 | D:8      | Found a runed translucent door.
  8854 | D:8      | Noticed turdburglar's ghost (novice OgFi)
  8894 | D:8      | Noticed Harold
  8924 | D:8      | Killed Harold
  8925 | D:8      | Reached skill level 13 in Axes
  8925 | D:8      | Reached skill level 10 in Armour
  8931 | D:8      | Found a shimmering altar of Xom.
  9317 | D:8      | Paralysed by a hornet for 2 turns
  9323 | D:8      | Paralysed by a hornet for 3 turns
  9328 | D:8      | Paralysed by a hornet for 2 turns
  9331 | D:8      | HP: 4/91 [hornet (13)]
  9331 | D:8      | Paralysed by a hornet for 1 turns
  9332 | D:8      | HP: 1/91 [poisoned by a hornet]
  9333 | D:8      | Succumbed to a hornet's poison

Illustrated notes

Levels and vault maps discovered:
D:1:      heliophobic_arrival_ceremonial_halls, layout_loops_ring,
          shapermc_ecumenical_altar_starsandcircs
D:2:      layout_basic, chequers_serial_rivers_small_3, uniq_terence,
          uniq_robin, uniq_sigmund
D:3:      layout_basic, kennysheep_boxes
D:4:      layout_loops_ring, nicolae_ossuary_entry_ruins
D:5:      layout_basic, uniq_pikel, uniq_blork_the_orc, uniq_edmund
D:6:      layout_loops_ring, temple_doors_ab, hangedman_decor_riveting,
          minmay_misc_feat_encased, kennysheep_small_spiral
D:7:      layout_basic
D:8:      layout_loops_corners, grunt_temple_overflow_holy_war,
          xom_confusion_cloud, david_lair_shrubbed,
          ebering_ghost_reflecting_pool, uniq_erica, uniq_harold, uniq_joseph

Skill      XL: |  1  2  3  4  5  6  7  8  9 10 |
---------------+-------------------------------+-----
Axes           | 4 5 7 9 10 12 13 | 13.1
Fighting       | 4 5 6 7 8 9 |  9.1
Armour         | 3 4 5 6 9 10 | 10.4
Dodging        | 3 4 |  4.3
Evocations     | |  0.8

Action                   |  1- 3 |  4- 6 |  7- 9 | 10-12 || total
-------------------------+-------+-------+-------+-------++-------
Melee: Hand axe          |    26 |       |       |       ||    26
       Headbutt          |     8 |    16 |    44 |    15 ||    83
       War axe           |    34 |   104 |   261 |    53 ||   452
       Punch             |       |     1 |     1 |     1 ||     3
       Battleaxe         |       |       |       |    15 ||    15
Invok: Trog's Hand       |       |       |     3 |     1 ||     4
Evoke: Wand              |       |       |     5 |       ||     5
  Use: Scroll            |       |     5 |     5 |     2 ||    12
       Potion            |       |       |     1 |     4 ||     5
Armor: Animal skin       |     9 |     5 |       |       ||    14
       Ring mail         |       |     9 |       |       ||     9
       Plate armour      |       |    26 |   190 |    25 ||   241
       Chain mail        |       |     2 |       |    14 ||    16
Dodge: Dodged            |    36 |    53 |    86 |    16 ||   191
